 Dungeon Crawl Stone Soup version 0.24-a0-218-ga595e75 (webtiles) character file.

Game seed: 4007835760279858114

91 VLARC the Slasher (level 4, 0/26 HPs)
             Began as a Vine Stalker Monk on Mar 30, 2019.
             Succumbed to a scorpion's poison
             ... on level 2 of the Dungeon.
             The game lasted 00:02:02 (1345 turns).

VLARC the Slasher (Vine Stalker Monk)               Turns: 1345, Time: 00:02:03

Health: 0/26       AC: 10    Str: 11 (13) XL:     4   Next: 57%
Magic:  3/7        EV: 10    Int:  8 (11) God:
Gold:   11         SH:  4    Dex: 17      Spells: 6/6 levels left

rFire    + . .     SeeInvis .   a - +0 falchion
rCold    . . .     Gourm    .   e - +0 buckler
rNeg     . . .     Faith    .   h - +1 ring mail {rF+}
rPois    .         Spirit   +   i - +0 helmet
rElec    .         Reflect  .   (no cloak)
rCorr    .         Harm     .   j - +0 pair of gloves
MR       .....                  (no boots)
Stlth    ++........             (no amulet)
HPRegen  0.48/turn              (no ring)
MPRegen  0.10/turn              (no ring)

@: lethally poisoned (0 -> -1)
A: fangs 2, slimy green scales 1, blink, low mp 1, regeneration 1, robust 1,
magic shield, antimagic bite, no potion heal 3, rot immunity
a: Blink


You were on level 2 of the Dungeon.
You were very hungry.

You visited 1 branch of the dungeon, and saw 2 of its levels.

You collected 11 gold pieces.

Inventory:

Hand Weapons
 a - a +0 falchion (weapon)
Armour
 e - a +0 buckler (worn)
 h - a +1 ring mail of fire resistance (worn)
 i - a +0 helmet (worn)
 j - a +0 pair of gloves (worn)
Scrolls
 b - 3 scrolls of remove curse {unknown}
 d - a scroll of teleportation {unknown}
 f - a scroll of blinking {unknown}
 g - 2 scrolls of identify {unknown}
 k - a scroll of magic mapping {unknown}
 m - a scroll of enchant weapon {unknown}
Comestibles
 c - 3 rations


   Skills:
 + Level 3.2 Fighting
 * Level 3.8 Long Blades
 - Level 2.4 Dodging
 - Level 2.4 Stealth
 + Level 1.8 Spellcasting


You had 6 spell levels left.
You didn't know any spells.
Your spell library was empty.

Dungeon Overview and Level Annotations

Branches:
Dungeon (2/15)

Altars:
Wu Jian


Innate Abilities, Weirdness & Mutations

You have extremely sharp teeth.
Your natural rate of healing is unusually fast.
When hurt, damage is shared between your health and your magic reserves.
Your bite disrupts and absorbs the magic of your enemies.
Potions cannot restore your health.
You are immune to rotting.
You are partially covered in slimy green scales. (AC +2)
You can translocate small distances at will.
Your magical capacity is low. (-10% MP)
You are robust. (+10% HP)


Message History

The scorpion stings you but does no damage.
You hit the scorpion. Your bite misses the scorpion.
The scorpion is almost dead.
* * * LOW HITPOINT WARNING * * *
You feel sick.
The scorpion stings you but does no damage.
You closely miss the scorpion.
The scorpion is severely wounded.
The scorpion closely misses you.
You barely miss the scorpion. You bite the scorpion. You drain its power.
The scorpion is almost dead.
The scorpion stings you.
* * * LOW HITPOINT WARNING * * *
You hit the scorpion.
You kill the scorpion!
You feel your strength returning.
You feel your dexterity returning.
You have reached level 4!
You feel agile.
You begin to heal more quickly.
You die...

. # ....#.####
.._....@.#
#....#†#.# ##.
#.#.#########
#.#.........#
..#.#.#####.#
####..#####.##
#..........#
#.##.#..##..#
#.# #........#


There were no monsters in sight!

Vanquished Creatures
  A scorpion (D:2)
  An adder (D:2)
  2 dart slugs (D:1)
  A leopard gecko (D:1)
  A ball python (D:1)
  A giant cockroach (D:1)
  2 goblins (D:1)
  3 hobgoblins (D:1)
  4 jackals (D:1)
  3 bats (D:1)
  A frilled lizard (D:2)
  4 kobolds
  3 rats (D:1)
27 creatures vanquished.

Notes
Turn   | Place    | Note
-------+----------+-------------------------------------------
     0 | D:1      | VLARC the Vine Stalker Monk began the quest for the Orb.
     0 | D:1      | Reached XP level 1. HP: 11/11 MP: 2/2
   491 | D:1      | Reached XP level 2. HP: 16/16 MP: 3/3
   838 | D:1      | Reached skill level 1 in Spellcasting
   887 | D:1      | Reached XP level 3. HP: 18/20 MP: 5/5
  1321 | D:2      | Found an ornate altar of the Wu Jian Council.
  1322 | D:2      | Noticed a scorpion
  1338 | D:2      | Gained mutation: You can translocate small distances at
                  | will. [potion of mutation]
  1338 | D:2      | Gained mutation: Your magical capacity is low. (-10% MP)
                  | [potion of mutation]
  1338 | D:2      | Gained mutation: You are partially covered in slimy green
                  | scales. (AC +2) [potion of mutation]
  1338 | D:2      | Gained mutation: You are robust. (+10% HP) [potion of
                  | mutation]
  1344 | D:2      | HP: 1/22 [scorpion (2)]
  1345 | D:2      | Killed a scorpion
  1345 | D:2      | Gained mutation: Your natural rate of healing is unusually
                  | fast. [Vine Stalker growth]
  1345 | D:2      | Reached XP level 4. HP: 1/26 MP: 2/7
  1345 | D:2      | Succumbed to a scorpion's poison

Levels and vault maps discovered:
D:1:      tarquinn_simple_flora_water_b, layout_basic
D:2:      layout_loops_cross, nicolae_overflow_crystal_walls,
          gammafunk_temple_overflow_elements, minmay_misc_feat_columns

Skill      XL: |  1  2 |
---------------+-------+-----
Long Blades    | 3 |  3.8
Spellcasting   | 1 |  1.8
Fighting       | 3 |  3.2
Dodging        | |  2.4
Stealth        | |  2.4

Action                   |  1- 3 |  4- 6 || total
-------------------------+-------+-------++-------
Melee: Falchion          |    87 |       ||    87
       Bite              |    27 |       ||    27
  Use: Potion            |     4 |       ||     4
 Stab: Sleeping          |     1 |       ||     1
Armor: Ring mail         |    24 |       ||    24
       Robe              |     2 |       ||     2
Dodge: Dodged            |    48 |       ||    48
Block: Buckler           |    12 |       ||    12
       Rpst.: Falchion   |    18 |       ||    18

Table legend:
 A = Non-vault XP
 B = Vault XP
 C = Vault XP percentage of total XP
 D = Non-vault monster count
 E = Vault monster count
 F = Vault count percentage of total count
                 A         B        C        D         E       F
            +---------+---------+-------+---------+---------+-------
      Total |     130 |       0 |   0.0 |      27 |       0 |   0.0
            +---------+---------+-------+---------+---------+-------
        D:1 |      44 |       0 |   0.0 |      23 |       0 |   0.0
        D:2 |      86 |       0 |   0.0 |       4 |       0 |   0.0
            +---------+---------+-------+---------+---------+-------
